 Dungeon Crawl Stone Soup version 0.28.0 (webtiles) character file.

Game seed: 15793098595746292133

71 HallandMoats the Ruffian (level 4, -4/40 HPs)
             Began as a Ghoul Monk on Feb 11, 2022.
             Was a Priest of Dithmenos.
             Slain by Robin (5 damage)
             ... on level 3 of the Dungeon.
             The game lasted 00:02:02 (2244 turns).

HallandMoats the Ruffian (Ghoul Monk)               Turns: 2244, Time: 00:02:03

Health: -4/40      AC:  5    Str: 14    XL:     4   Next: 24%
Magic:  3/3        EV: 11    Int:  5    God:    Dithmenos [***...]
Gold:   100        SH:  0    Dex: 13    Spells: 3/3 levels left

rFire   . . .      SeeInvis .     - Unarmed
rCold   + . .      Faith    .   (no shield)
rNeg    + + +      Spirit   .   i - +0 ring mail
rPois   ∞          Reflect  .   (no helmet)
rElec   .          Harm     .   (no cloak)
rCorr   .          Rampage  .   (no gloves)
Will    .....                   (no boots)
Stlth   ++........              (no amulet)
HPRegen 0.00/turn               (no ring)
MPRegen 0.08/turn               (no ring)

@: inhibited regen, wreathed by umbra
A: claws 1, cold resistance 1, negative energy resistance 3, inhibited
regeneration, torment resistance 2
a: Renounce Religion, Shadow Step


You were on level 3 of the Dungeon.
You worshipped Dithmenos.
Dithmenos was most pleased with you.
You visited 1 branch of the dungeon, and saw 3 of its levels.

You collected 100 gold pieces.

Inventory:

Armour
 i - a +0 ring mail (worn)
Jewellery
 e - a ring of magical power
 h - a +6 ring of intelligence
Scrolls
 a - a scroll of acquirement {unknown}
 c - a scroll of fear {unknown}
 d - a scroll of identify {unknown}
 g - a scroll of enchant armour {unknown}
Potions
 b - 4 potions of curing {unknown}
 f - 2 potions of lignification {unknown}


   Skills:
 * Level 3.8 Fighting
 * Level 1.2 Armour
 * Level 3.1 Dodging
 + Level 2.5 Stealth
 * Level 3.8 Unarmed Combat
 + Level 0.8 Invocations


You had 3 spell levels left.
You didn't know any spells.
Your spell library was empty.

Dungeon Overview and Level Annotations

Branches:
Dungeon (3/15)

Altars:
Dithmenos
Trog

Annotations:
D:3 Robin


Innate Abilities, Weirdness & Mutations

You thrive by killing the living.
You are immune to poison.
You have sharp fingernails.
Your flesh is cold resistant. (rC+)
You are immune to negative energy. (rN+++)
You do not regenerate when monsters are visible.
You are immune to unholy pain and torment.


Message History

The goblin barely misses you. Robin throws the goblin at you!
The goblin misses you.
You see here a +0 club.
You barely miss the goblin. The goblin hits you but does no damage.
The goblin closely misses you.
Robin hits you with a +1 dagger of speed.
The goblin closely misses you.
Robin hits you with a +1 dagger of speed.
You closely miss the goblin. The goblin misses you.
The goblin hits you but does no damage. The goblin closely misses you.
Robin hits you but does no damage.
You scratch the goblin.
The goblin is severely wounded.
Robin hits you but does no damage. The goblin barely misses you.
The goblin hits you but does no damage. x2
Unknown command.
You claw the goblin!
You kill the goblin!
Dithmenos accepts your kill. Robin throws the goblin at you!
The goblin barely misses you. The goblin hits you with a +0 club.
The goblin hits you with a +0 dagger.
* * * LOW HITPOINT WARNING * * *
You claw the goblin!
You kill the goblin!
Dithmenos accepts your kill.
You feel better. Robin hits you but does no damage.
The goblin barely misses you. The goblin hits you with a +0 dagger.
* * * LOW HITPOINT WARNING * * *
Robin throws the goblin at you! The goblin hits you but does no damage.
Robin throws the goblin at you!
You miss the goblin. The goblin barely misses you.
The goblin closely misses you.
Robin hits you with a +1 dagger of speed.
* * * LOW HITPOINT WARNING * * *
The goblin unwields a +0 club.
The goblin wields a +3 vorpal hunting sling.
The goblin shoots a stone.
The stone hits you.
* * * LOW HITPOINT WARNING * * *
x2 Robin hits you with a +1 dagger of speed.
You die...

.................#.#.....#.##.#
......#.##.....#.....#.#.....[#
#...#<#............#.....#.#..#
#.###.#..##..#.#.#.#...#.....##
# #.#......#.....###.......#
#.......####)#.....#.#...#
####.#### ##)g...#.....#.# .#
#g.#.#.....###.# #)@g...#.#..
..# #.......#.....
.......##(...... ###.##. .#.#.#
#. ## .....# # #####


You could see Robin and 2 goblins.

Vanquished Creatures
  An adder (D:2)
  2 worms (D:2)
  A dart slug (D:1)
  6 ball pythons
  5 endoplasms
  2 giant cockroaches
  3 hobgoblins
  5 quokkas
  4 bats
  A frilled lizard (D:1)
  12 goblins
  4 kobolds
  4 rats
50 creatures vanquished.

Notes
Turn   | Place    | Note
-------+----------+-------------------------------------------
     0 | D:1      | HallandMoats the Ghoul Monk began the quest for the Orb.
     0 | D:1      | Reached XP level 1. HP: 19/19 MP: 0/0
   129 | D:1      | Reached XP level 2. HP: 5/26 MP: 1/1
   803 | D:1      | Found a faded altar of an unknown god.
   838 | D:1      | Prayed at the altar of an unknown god.
   838 | D:1      | Became a worshipper of Dithmenos the Shadowed
   838 | D:1      | Reached * piety under Dithmenos
   838 | D:1      | Reached ** piety under Dithmenos
   952 | D:2      | Reached XP level 3. HP: 31/31 MP: 2/2
  1057 | D:2      | Reached skill level 1 in Armour
  1294 | D:2      | Reached *** piety under Dithmenos
  1492 | D:2      | Found a bloodstained altar of Trog.
  1851 | D:2      | Reached XP level 4. HP: 36/40 MP: 3/3
  2221 | D:3      | Noticed Robin
  2244 | D:3      | HP: 1/40 [goblin/stone[Robin] (2)]
  2244 | D:3      | Slain by Robin

Illustrated notes

Levels and vault maps discovered:
D:1:      saegor_arrival_simple_e, layout_basic,
          hellmonk_ecumenical_altar_lost_god, dk_noncrumbling_2,
          corexii_hall_statues_i
D:2:      layout_basic, basic_altar, kennysheep_generic_room_7
D:3:      layout_loops_cross, hangedman_decor_points, uniq_robin

Skill      XL: |  1  2  3 |
---------------+----------+-----
Dodging        | 3 |  3.1
Armour         | 1 |  1.2
Fighting       | |  3.8
Stealth        | |  2.5
Unarmed Combat | |  3.8
Invocations    | |  0.8

Action                   |  1- 3 |  4- 6 || total
-------------------------+-------+-------++-------
Melee: Unarmed           |   124 |    21 ||   145
       Punch             |     6 |       ||     6
 Stab: Sleeping          |     9 |     1 ||    10
Armor: Robe              |    15 |       ||    15
       Ring mail         |       |    24 ||    24
Dodge: Dodged            |    76 |    31 ||   107
